 Dungeon Crawl Stone Soup version 0.26.1-10-gdfb7c7de75 (webtiles) character file.

Game seed: 9988197454094812672

611 Revguard the Firebug (level 7, -2/100 HPs)
             Began as an Ogre Fire Elementalist on Apr 1, 2021.
             Slain by a river rat (4 damage)
             ... in a sewer.
             The game lasted 00:17:05 (4805 turns).

Revguard the Firebug (Ogre Fire Elementalist)       Turns: 4805, Time: 00:17:05

Health: -2/100     AC: 30    Str: 13    XL:     7   Next: 44%
Magic:  8/13       EV:  1    Int: 18    God:
Gold:   199        SH:  0    Dex:  9    Spells: 2/15 levels left

rFire    . . .     SeeInvis .   d - +0 flail (protect)
rCold    . . .     Faith    .   (no shield)
rNeg     + + +     Spirit   .   (armour currently unavailable)
rPois    +         Reflect  .   (helmet currently unavailable)
rElec    .         Harm     .   (cloak currently unavailable)
rCorr    .         Rampage  .   (gloves unavailable)
Will     .....     NoTele   +   (boots unavailable)
Stlth    +.........             (no amulet)
HPRegen  0.26/turn              i - ring of flight
MPRegen  0.13/turn              (no ring)

@: tree-form, protection aura
A: large, unfitting armour
a: no special abilities


You were in a sewer.
You were a tree.
You visited 1 branch of the dungeon, and saw 4 of its levels.
You also visited: Sewer.

You collected 199 gold pieces.

Inventory:

Hand Weapons
 b - a +0 club
 d - a +0 flail of protection (weapon)
 g - a +0 vampiric battleaxe
 j - a +3 quarterstaff of chaos
 m - a +2 scythe of pain
Armour
 a - a +0 robe (melded)
 n - a +0 cloak (melded)
 r - a +0 cloak
 t - a +2 robe of willpower
Jewellery
 i - a ring of flight (left branch)
 s - an uncursed amulet of guardian spirit {unknown}
Wands
 l - a wand of flame (21)
 o - a wand of polymorph (5)
Scrolls
 c - a scroll of random uselessness
 e - a scroll of fear {unknown}
 f - 3 scrolls of amnesia
 h - a scroll of remove curse
 q - a scroll of fog {unknown}
Potions
 k - a potion of flight
 p - 2 potions of brilliance


   Skills:
 * Level 3.5 Fighting
 + Level 0.9 Maces & Flails
 - Level 1.0 Polearms
 + Level 2.3 Dodging
 - Level 1.4 Stealth
 * Level 4.5 Spellcasting
 * Level 2.7 Conjurations
 * Level 1.9 Hexes
 * Level 4.6 Fire Magic


You had 2 spell levels left.
You knew the following spells:

 Your Spells              Type           Power        Failure   Level
a - Foxfire               Conj/Fire      68%          3%          1
b - Inner Flame           Hex/Fire       15%          11%         3
c - Fireball              Conj/Fire      8%           65%         5
d - Sticky Flame          Conj/Fire      17%          30%         4

Your spell library contained the following spells:

 Spells                   Type           Power        Failure   Level
 Conjure Flame            Conj/Fire      17%          10%         3


Dungeon Overview and Level Annotations

Branches:
Dungeon (4/15)              Sewer (1/1)
 Temple: D:4-7

Altars:
Fedhas
Gozag
Okawaru

Annotations:
D:2 exclusion: oklob plant


Innate Abilities, Weirdness & Mutations

You are too large for most types of armour.
((You have tough skin. (AC +1)))


Message History

The rat barely misses you.
The rat twitches its whiskers.
You closely miss the rat. You closely miss the river rat.
You closely miss the river rat. The river rat bites you!
* * * LOW HITPOINT WARNING * * *
The river rat bites you.
* * * LOW HITPOINT WARNING * * *
You closely miss the river rat. The river rat bites you.
* * * LOW HITPOINT WARNING * * *
Really quaff the potion of lignification?
You turn into a tree.
Your +0 cloak melds into your body.
Your +0 robe melds into your body.
Your roots penetrate the ground.
The river rat bites you.
* * * LOW HITPOINT WARNING * * *
You hit the river rat.
Your weapon exudes an aura of protection.
The river rat is severely wounded.
The river rat bites you.
You die... ############### #♣rr.∩.∩......≈ ###############

You could see a river rat and a rat.

Vanquished Creatures
  Sigmund (D:2)
  Blork the orc (D:4)
  Crazy Yiuf (D:3)
  An orc priest (D:3)
  Natasha (thrice) (D:2)
  An orc wizard (D:4)
  6 gnolls
  7 adders
  4 river rats (D:4)
  2 worms
  A leopard gecko (D:4)
  9 orcs
  3 bats
  3 giant cockroaches
  9 hobgoblins
  6 jackals
  6 kobolds
  2 quokkas (D:3)
  A ball python skeleton (D:4)
  A frilled lizard (D:1)
  4 goblins
  A leopard gecko skeleton (D:4)
  8 rats
81 creatures vanquished.

Vanquished Creatures (collateral kills)
  18 foxfires (D:2)
18 creatures vanquished.

Vanquished Creatures (others)
  231 foxfires
  2 fungi (D:2)
  5 plants (D:2)
238 creatures vanquished.

Grand Total: 337 creatures vanquished

Notes
Turn   | Place    | Note
-------+----------+-------------------------------------------
     0 | D:1      | Revguard the Ogre Fire Elementalist began the quest for the
                  | Orb.
     0 | D:1      | Reached XP level 1. HP: 16/16 MP: 3/3
   166 | D:1      | Reached skill level 1 in Conjurations
   168 | D:1      | Reached XP level 2. HP: 22/26 MP: 0/5
   449 | D:1      | Reached skill level 1 in Fighting
   630 | D:1      | Reached XP level 3. HP: 33/33 MP: 4/7
   678 | D:1      | Learned a level 3 spell: Inner Flame
   682 | D:1      | Learned a level 3 spell: Conjure Flame
  1078 | D:2      | Found a blossoming altar of Fedhas.
  1079 | D:2      | Noticed Sigmund
  1087 | D:2      | Killed Sigmund
  1088 | D:2      | Reached XP level 4. HP: 42/42 MP: 0/9
  1088 | D:2      | Reached XP level 5. HP: 49/49 MP: 0/10
  1093 | D:2      | Learned a level 4 spell: Sticky Flame
  1177 | D:2      | Noticed an oklob plant
  1303 | D:2      | Noticed Natasha
  1318 | D:2      | Killed Natasha
  1319 | D:2      | Reached skill level 1 in Hexes
  1327 | D:2      | Reached XP level 6. HP: 42/59 MP: 1/11
  1989 | D:2      | Found an iron altar of Okawaru.
  1994 | D:2      | Found an opulent altar of Gozag.
  2029 | D:2      | Noticed Natasha
  2037 | D:2      | Killed Natasha
  2044 | D:2      | Noticed Natasha
  2047 | D:2      | Killed Natasha
  3740 | D:3      | Learned a level 5 spell: Fireball
  3874 | D:3      | Found a runed translucent door.
  3875 | D:3      | Noticed Crazy Yiuf
  3894 | D:3      | Killed Crazy Yiuf
  3895 | D:3      | Reached XP level 7. HP: 7/67 MP: 9/13
  4446 | D:4      | Reached skill level 1 in Polearms
  4729 | D:4      | Found a glowing drain.
  4740 | D:4      | Noticed Blork the orc
  4776 | D:4      | Killed Blork the orc
  4790 | Sewer    | Entered a sewer
  4803 | Sewer    | HP: 1/67 [river rat (3)]
  4805 | Sewer    | Slain by a river rat

Illustrated notes

Levels and vault maps discovered:
D:1:      dpeg_arrival_tiny_a, layout_basic
D:2:      layout_rooms, old_standard_altar, general_overflow_altar, tgw_fedhas,
          uniq_natasha, uniq_sigmund
D:3:      layout_loops_ring, uniq_crazy_yiuf_cottage
D:4:      minmay_inner_zag, layout_basic, lemuel_doored_altar,
          nicolae_overflow_hidden_temple, portal_sewer_entry_c,
          minmay_fire_ice_demons, uniq_blork_the_orc
Sewer:    sewer_kobolds

Skill      XL: |  1  2  3  4  5  6  7 |
---------------+----------------------+-----
Conjurations   | 1 2 |  2.7
Fire Magic     | 3 4 |  4.6
Fighting       | 1 2 3 |  3.5
Spellcasting   | 3 4 |  4.5
Dodging        | 2 |  2.3
Hexes          | 1 |  1.9
Polearms       | 1 |  1.0
Maces & Flails | |  0.9
Stealth        | |  1.4

Action                   |  1- 3 |  4- 6 |  7- 9 || total
-------------------------+-------+-------+-------++-------
Melee: Club              |    21 |       |       ||    21
       Scythe            |       |    72 |       ||    72
       Flail             |       |    31 |    63 ||    94
 Cast: Foxfire           |    36 |    82 |    35 ||   153
       Inner Flame       |       |     1 |       ||     1
  Use: Scroll            |       |    11 |       ||    11
       Potion            |       |     2 |     7 ||     9
 Stab: Sleeping          |       |     2 |     1 ||     3
       Invisible         |       |     1 |       ||     1
Armor: Robe              |     5 |    48 |    31 ||    84
       Skin              |       |     1 |    56 ||    57
Dodge: Dodged            |    20 |    69 |    37 ||   126
